 Dungeon Crawl Stone Soup version 0.24.0-125-gc4c63601f3 (webtiles) character file.

Game seed: 12596161807284215339, levelgen mode: deterministic

411 Curus the Carver (level 6, -3/51 HPs)
             Began as a Minotaur Berserker on Mar 7, 2020.
             Was a Priest of Trog.
             Slain by Duvessa
             ... wielding a +5 short sword of venom
              (4 damage)
             ... on level 4 of the Dungeon.
             The game lasted 00:14:40 (2914 turns).

Curus the Carver (Minotaur Berserker)               Turns: 2914, Time: 00:14:40

Health: -3/51      AC: 11    Str: 21    XL:     6   Next: 58%
Magic:  5/5        EV:  8    Int:  6    God:    Trog [***...]
Gold:   181        SH:  0    Dex: 10    Spells: 5/5 levels left

rFire    . . .     SeeInvis .   m - +0 double sword
rCold    + . .     Gourm    +   (no shield)
rNeg     + . .     Faith    .   p - +1 chain mail
rPois    .         Spirit   .   (helmet restricted)
rElec    .         Reflect  .   (no cloak)
rCorr    .         Harm     .   (no gloves)
MR       ++...                  h - +1 pair of boots
Stlth    ..........             j - amulet of the gourmand
HPRegen  1.17/turn              d - ring of positive energy
MPRegen  0.09/turn              f - ring of protection from cold

@: lethally poisoned (-3 -> -13), regenerating
A: retaliatory headbutt, horns 2
a: Berserk, Trog's Hand, Renounce Religion


You were on level 4 of the Dungeon.
You worshipped Trog.
Trog was most pleased with you.
You were not hungry.

You visited 1 branch of the dungeon, and saw 4 of its levels.

You collected 181 gold pieces.

Inventory:

Hand Weapons
 a - a +1 falchion
 m - a +0 double sword (weapon)
Armour
 b - a +0 animal skin
 e - a +0 ring mail
 h - a +1 pair of boots (worn)
 p - a +1 chain mail (worn)
Jewellery
 d - a ring of positive energy (left hand)
 f - a ring of protection from cold (right hand)
 g - an uncursed ring of flight
 j - an amulet of the gourmand (around neck)
 l - an uncursed ring of ice
Wands
 o - a wand of polymorph (12)
Scrolls
 i - 3 scrolls of magic mapping
 r - a scroll of identify
Potions
 n - a potion of agility
Comestibles
 c - 7 rations


   Skills:
 - Level 3.6 Fighting
 + Level 9.0 Long Blades
 - Level 2.4 Armour
 - Level 2.1 Dodging


You had 5 spell levels left.
You didn't know any spells.
Your spell library was empty.

Dungeon Overview and Level Annotations

Branches:
Dungeon (4/15)
 Temple: D:4-7

Altars:

Shops:
D:4 [

Annotations:
D:4 Dowan, Duvessa, Sigmund


Innate Abilities, Weirdness & Mutations

You reflexively headbutt those who attack you in melee.
You have a pair of horns on your head.


Message History

Dowan barely misses you.
You riposte.
You hit Dowan. Your headbutt misses Dowan.
Dowan is severely wounded.
* * * LOW HITPOINT WARNING * * *
You feel very sick. Duvessa hits you but does no damage.
You are more poisoned.
Dowan hits you but does no damage.
* * * LOW HITPOINT WARNING * * *
You feel very sick.
Your chain mail prevents you from hitting Duvessa.
You headbutt Duvessa, but do no damage.
Duvessa is moderately wounded.
* * * LOW HITPOINT WARNING * * *
You feel very sick.
Duvessa hits you with a +5 short sword of venom.
* * * LOW HITPOINT WARNING * * *
Duvessa gestures with her weapon.
Duvessa hits you with a +5 short sword of venom.
You die...

#. #...........
.##..###.........##.#
....................#
..##....#..........
....S..####..#.....
.....## #S.#...# ...$
#.##...# ...
###S##...#### .#
##..ee@...#..#
.......##......#
##.............#
##......†..#.#.#
#:.........###...
.............# ....#
##.##.....#..# ..#..
.. #.......## ....#
............ ...##


You could see Duvessa, Dowan and an adder.

Vanquished Creatures
  A scorpion (D:4)
  3 jellies (D:2)
  An orc priest (D:3)
  An orc wizard (D:3)
  A hound skeleton (D:4)
  6 adders
  9 oozes
  2 worms
  6 dart slugs
  3 leopard geckos
  10 orcs
  8 bats
  A giant cockroach (D:2)
  6 goblins
  4 hobgoblins
  3 jackals (D:1)
  13 kobolds
  A quokka (D:3)
  2 ball pythons
  7 frilled lizards
  11 rats
99 creatures vanquished.

Vanquished Creatures (others)
  A fungus (D:2)
  7 toadstools (D:2)
8 creatures vanquished.

Grand Total: 107 creatures vanquished

Notes
Turn   | Place    | Note
-------+----------+-------------------------------------------
     0 | D:1      | Curus the Minotaur Berserker began the quest for the Orb.
     0 | D:1      | Reached XP level 1. HP: 19/19 MP: 0/0
    26 | D:1      | Reached skill level 4 in Long Blades
    29 | D:1      | Reached XP level 2. HP: 14/26 MP: 1/1
   255 | D:1      | Reached skill level 5 in Long Blades
   294 | D:1      | Reached XP level 3. HP: 8/31 MP: 2/2
  1271 | D:2      | Reached ** piety under Trog
  1297 | D:2      | Found a faded altar of an unknown god.
  1329 | D:2      | Reached skill level 6 in Long Blades
  1329 | D:2      | Reached XP level 4. HP: 30/39 MP: 3/3
  1722 | D:2      | Reached XP level 5. HP: 28/45 MP: 4/4
  1724 | D:2      | Reached skill level 7 in Long Blades
  2278 | D:3      | Reached *** piety under Trog
  2282 | D:3      | Reached skill level 8 in Long Blades
  2356 | D:3      | Reached XP level 6. HP: 49/51 MP: 5/5
  2847 | D:4      | Found Nuc Voe's Antique Armour Emporium.
  2883 | D:4      | Reached skill level 9 in Long Blades
  2893 | D:4      | Noticed Duvessa
  2895 | D:4      | Noticed Dowan
  2896 | D:4      | Noticed Sigmund
  2914 | D:4      | HP: 1/51 [Duvessa/+5 short sword of venom (5)]
  2914 | D:4      | Slain by Duvessa

Levels and vault maps discovered:
D:1:      dpeg_arrival_shrine, layout_basic
D:2:      cheibrodos_fertilizer, layout_rooms, chequers_ecumenical_altar_simple
D:3:      kb_forest_paths, layout_loops_ring
D:4:      layout_cave_pools, marbit_many_paths,
          minmay_temple_entry_enclosed_plants, serial_shops, shop, uniq_sigmund,
          uniq_duvessa

Skill      XL: |  1  2  3  4  5  6 |
---------------+-------------------+-----
Long Blades    | 4 5 6 8 9 |  9.0
Fighting       | |  3.6
Armour         | |  2.4
Dodging        | |  2.1

Action                   |  1- 3 |  4- 6 || total
-------------------------+-------+-------++-------
Melee: Falchion          |    73 |    51 ||   124
       Headbutt          |     8 |    25 ||    33
       Double sword      |       |    80 ||    80
Invok: Trog's Hand       |       |     1 ||     1
  Use: Potion            |     5 |     2 ||     7
       Scroll            |     6 |     7 ||    13
 Stab: Sleeping          |     1 |       ||     1
  Eat: Chunk             |     1 |     5 ||     6
       Ration            |       |     1 ||     1
Armor: Animal skin       |    10 |       ||    10
       Ring mail         |     5 |    24 ||    29
       Chain mail        |       |    37 ||    37
Dodge: Dodged            |    39 |    71 ||   110
       Rpst.: Falchion   |     8 |     8 ||    16
       Double sword      |       |     9 ||     9
